 Dungeon Crawl Stone Soup version 0.26.0-10-g1f06aea511 (webtiles) character file.

Game seed: 5340650517591838825

1521 Borgoz the Ducker (level 8, -4/67 HPs)
             Began as a Ghoul Gladiator on Jan 18, 2021.
             Was a Follower of Okawaru.
             Slain by PeterLawrence's ghost (5 damage)
             ... in the Ecumenical Temple.
             The game lasted 00:08:06 (7864 turns).

Borgoz the Ducker (Ghoul Gladiator)                 Turns: 7864, Time: 00:08:06

Health: -4/67      AC: 20    Str: 18    XL:     8   Next: 84%
Magic:  7/8        EV: 16    Int:  3    God:    Okawaru [*.....]
Gold:   280        SH:  0    Dex: 12    Spells: 7/7 levels left

rFire    + . .     SeeInvis .   a - +2 long sword
rCold    + + .     Faith    .   (no shield)
rNeg     + + +     Spirit   .   v - +0 ring mail
rPois    ∞         Reflect  .   c - +0 helmet
rElec    .         Harm     .   w - +2 cloak {Will+}
rCorr    .         Rampage  .   p - +0 pair of gloves (curse)
Will     +....                  j - +1 pair of boots
Stlth    +.........             (no amulet)
HPRegen  0.00/turn              n - ring "Akoeh" {rPois rF+ rC+ rN+++ Stlth-}
MPRegen  0.11/turn              t - +4 ring of protection

@: heroism, hasted, studying Crossbows, very quick
A: claws 1, cold resistance 1, negative energy resistance 3, inhibited
regeneration, torment resistance, unbreathing
a: Renounce Religion, Heroism


You were in the Ecumenical Temple.
You worshipped Okawaru.
Okawaru was aware of your devotion.
You visited 2 branches of the dungeon, and saw 7 of its levels.

You collected 400 gold pieces.
You spent 120 gold pieces at shops.

Inventory:

Hand Weapons
 a - a +2 long sword (weapon)
Missiles
 g - a throwing net (quivered)
Armour
 c - a +0 helmet (worn)
 j - a +1 pair of boots (worn)
 p - a cursed +0 pair of gloves (worn)
 v - a +0 ring mail (worn)
 w - a +2 cloak of willpower (worn)
Jewellery
 n - the ring "Akoeh" (left hand) {rPois rF+ rC+ rN+++ Stlth-}
   (You found it on level 6 of the Dungeon)

   [ring of attention]

   It protects you from fire.
   It protects you from cold.
   It protects you from poison.
   It renders you almost immune to negative energy.
   It makes you less stealthy.
 t - a +4 ring of protection (right hand)
Wands
 l - a wand of disintegration (14)
Scrolls
 b - 2 scrolls of teleportation
 i - a scroll of fear
 k - 4 scrolls of remove curse
 m - a scroll of enchant weapon
 s - a scroll of enchant armour
Potions
 d - 2 potions of might
 e - a potion of mutation {unknown}
 f - a potion of haste
 h - a potion of invisibility
 u - a potion of heal wounds {unknown}
Books
 o - a manual of Crossbows


   Skills:
 + Level 4.7(9.7) Fighting
 * Level 5.7(10.7) Long Blades
 - Level 1.7(6.7) Throwing
 * Level 4.9(9.9) Armour
 * Level 5.8(10.8) Dodging
 + Level 2.2 Invocations


You had 7 spell levels left.
You didn't know any spells.
Your spell library was empty.

Dungeon Overview and Level Annotations

Branches:
Dungeon (6/15)             Temple (1/1) D:6

Altars:
Ashenzari
Cheibriados
Dithmenos
Elyvilon
Gozag
Hepliaklqana
Makhleb
Nemelex Xobeh
Okawaru
Qazlal
Ru
Sif Muna
Trog
Uskayaw
Vehumet
Wu Jian
Xom
Yredelemnul
Zin
The Shining One

Shops:
D:6 !

Annotations:
D:3 1 runed translucent door
Temple PeterLawrence's ghost, novice MiFi


Innate Abilities, Weirdness & Mutations

You thrive by killing the living.
You are immune to poison.
You have sharp fingernails.
Your flesh is cold resistant. (rC+)
You are immune to negative energy. (rN+++)
You do not regenerate when monsters are visible.
You are immune to unholy pain and torment.
You can survive without breathing.


Message History

Okay, then.
There is a staircase to the Ecumenical Temple here.
PeterLawrence's ghost misses you.
You climb downwards.
Welcome back to the Ecumenical Temple!
There is a staircase back to the Dungeon here.
You feel yourself speed up. PeterLawrence's ghost hits you!
* * * LOW HITPOINT WARNING * * *
PeterLawrence's ghost burns you.
* * * LOW HITPOINT WARNING * * *
You hit PeterLawrence's ghost.
PeterLawrence's ghost is almost destroyed.
You hit PeterLawrence's ghost.
PeterLawrence's ghost is almost destroyed.
PeterLawrence's ghost hits you but does no damage.
You closely miss PeterLawrence's ghost.
PeterLawrence's ghost is almost destroyed.
You hit PeterLawrence's ghost but do no damage.
PeterLawrence's ghost is almost destroyed.
PeterLawrence's ghost hits you.
You die...

####### ######### #######
......### ###.......### ###......
_..._...###...⌠...⌠...###..._..._
.........#.............#.........
........###...........###........
.._.............@............._..
........###.....W.....###........
.........#.............#.........
_..._...###...⌠...⌠...###..._..._
......### ###.......### ###......
####### ######### #######


You could see PeterLawrence's ghost.

Vanquished Creatures
  Menkaure (D:5)
  Duvessa (D:5)
  5 ogres
  A bullfrog (D:6)
  The ghost of dohliylev the Stinger, an amateur FeVM (D:4)
  Dowan (D:5)
  A howler monkey (D:6)
  3 hounds
  A jelly (D:5)
  An orc wizard (D:5)
  An orc priest (D:5)
  Crazy Yiuf (D:4)
  Ijyb (D:4)
  2 bullfrog skeletons (D:5)
  A worker ant (D:6)
  A hound zombie (D:5)
  A worker ant zombie (D:6)
  8 gnolls
  8 adders
  A shadow imp (D:4)
  3 white imps
  An ufetubus (D:6)
  An ooze (D:3)
  5 worms
  3 leopard geckos
  15 orcs
  11 bats
  8 giant cockroaches
  9 goblins
  5 hobgoblins
  4 jackals (D:1)
  11 kobolds
  3 quokkas
  A ball python (D:6)
  4 frilled lizards
  A giant cockroach zombie (D:6)
  5 rats
131 creatures vanquished.

Vanquished Creatures (others)
  2 fungi (D:4)
  6 plants (D:4)
8 creatures vanquished.

Grand Total: 139 creatures vanquished

Notes
Turn   | Place    | Note
-------+----------+-------------------------------------------
     0 | D:1      | Borgoz the Ghoul Gladiator began the quest for the Orb.
     0 | D:1      | Reached XP level 1. HP: 17/17 MP: 0/0
   133 | D:1      | Reached XP level 2. HP: 24/24 MP: 1/1
   773 | D:1      | Reached skill level 1 in Armour
   777 | D:1      | Reached XP level 3. HP: 27/30 MP: 2/2
  1077 | D:2      | Found a burning altar of Makhleb.
  1346 | D:2      | Noticed an ogre
  1355 | D:2      | Killed an ogre
  1356 | D:2      | Reached XP level 4. HP: 31/37 MP: 3/3
  1356 | D:2      | Reached XP level 5. HP: 37/44 MP: 4/4
  1678 | D:2      | Found a radiant altar of Vehumet.
  1687 | D:2      | Found a hide-covered altar of Uskayaw.
  1697 | D:2      | Found a basalt altar of Yredelemnul.
  1708 | D:2      | Found a sparkling altar of Nemelex Xobeh.
  1712 | D:2      | Found a stormy altar of Qazlal.
  2284 | D:3      | Found a snail-covered altar of Cheibriados.
  2832 | D:3      | Found a white marble altar of Elyvilon.
  2832 | D:3      | Noticed an angel
  2833 | D:3      | Found a runed translucent door.
  3051 | D:4      | Noticed Ijyb
  3057 | D:4      | Paralysed by Ijyb for 4 turns
  3067 | D:4      | Paralysed by Ijyb for 5 turns
  3093 | D:4      | Killed Ijyb
  3094 | D:4      | Reached XP level 6. HP: 31/51 MP: 5/5
  3254 | D:4      | Found a glowing golden altar of the Shining One.
  4013 | D:4      | Found a transporter.
  4050 | D:4      | Found a transporter.
  4065 | D:4      | Reached XP level 7. HP: 57/57 MP: 6/6
  4405 | D:4      | Found a runed translucent door.
  4406 | D:4      | Noticed Crazy Yiuf
  4413 | D:4      | Killed Crazy Yiuf
  4467 | D:5      | Entered Level 5 of the Dungeon
  4610 | D:5      | Noticed Menkaure
  4619 | D:5      | Killed Menkaure
  4825 | D:5      | Found an iron altar of Okawaru.
  4834 | D:5      | Became a worshipper of Warmaster Okawaru
  4897 | D:5      | Noticed Duvessa
  4897 | D:5      | Noticed Dowan
  4917 | D:5      | Killed Duvessa
  4918 | D:5      | Reached skill level 5 in Dodging
  4924 | D:5      | Killed Dowan
  4925 | D:5      | Reached skill level 5 in Long Blades
  4925 | D:5      | Reached XP level 8. HP: 43/66 MP: 7/7
  5073 | D:5      | Reached skill level 1 in Invocations
  6180 | D:6      | Found a staircase to the Ecumenical Temple.
  6198 | D:6      | Found a runed translucent door.
  6200 | Temple   | Entered the Ecumenical Temple
  6538 | D:6      | Reached * piety under Okawaru
  6595 | D:6      | Found Meew's Distillery.
  6603 | D:6      | Bought a potion of might for 60 gold pieces
  6603 | D:6      | Bought a potion of might for 60 gold pieces
  6756 | D:6      | Got a clouded granite ring
  6757 | D:6      | Identified the ring "Akoeh" {rPois rF+ rC+ rN+++ Stlth-}
                  | (You found it on level 6 of the Dungeon)
  6995 | D:6      | Found an ornate altar of the Wu Jian Council.
  7163 | D:6      | Noticed PeterLawrence's ghost (novice MiFi)
  7371 | D:4      | Noticed dohliylev's ghost (amateur FeVM)
  7392 | D:4      | Killed dohliylev's ghost
  7860 | Temple   | HP: 3/67 [PeterLawrence's ghost (7)]
  7860 | Temple   | HP: 1/67 [PeterLawrence's ghost (2)]
  7864 | Temple   | Slain by PeterLawrence's ghost

Illustrated notes

Levels and vault maps discovered:
D:1:      minmay_arrival_four_circles, layout_loops_corners, dk_noncrumbling_2
D:2:      layout_basic, nicolae_overflow_hidden_temple,
          minmay_overflow_temple_star_hex, minmay_tetromino_i4
D:3:      layout_basic, nicolae_overflow_crystal_walls, grunt_ministairs_1,
          lemuel_angel_altar
D:4:      layout_basic, tso_metal_star, gammafunk_ghost_gnarly_gnolls,
          minmay_goblin_kobold_house, uniq_ijyb, uniq_crazy_yiuf_cottage
D:5:      layout_layer_cave, kennysheep_mini_moat, serial_rivers,
          chequers_serial_rivers_marsh, chequers_serial_rivers_micro_a,
          chequers_serial_rivers_micro_e, chequers_serial_rivers_small_3,
          chequers_serial_rivers_small_b, minmay_misc_feat_hallway,
          uniq_menkaure, uniq_duvessa
D:6:      layout_basic, nzn_wu_jian_contemplation,
          minmay_temple_entry_mini_moons, ebering_ghost_reflecting_pool,
          serial_shops, nicolae_shop_crystal
Temple:   zaba_magenta_temple

Skill      XL: |  1  2  3  4  5  6  7  8 |
---------------+-------------------------+-----
Dodging        | 3 4 5 |  5.8
Long Blades    | 3 4 5 |  5.7
Armour         | 1 2 3 4 |  4.9
Fighting       | 3 4 |  4.7
Invocations    | 2 |  2.2
Throwing       | |  1.7

Action                   |  1- 3 |  4- 6 |  7- 9 || total
-------------------------+-------+-------+-------++-------
Melee: Long sword        |    88 |   200 |   296 ||   584
Throw: Throwing net      |     2 |     2 |     1 ||     5
Invok: Heroism           |       |       |     4 ||     4
  Use: Potion            |     1 |       |     7 ||     8
       Scroll            |       |       |    12 ||    12
 Stab: Held in net/web   |     1 |     1 |       ||     2
Armor: Leather armour    |    24 |    50 |       ||    74
       Ring mail         |       |    14 |   165 ||   179
Dodge: Dodged            |    63 |   133 |   250 ||   446
       Rpst.: Long sword |    16 |    38 |    79 ||   133
